Map: Romanticide LE

Players

Epic

  • Race: Terran Terran
  • League: Grandmaster
  • Spawn Location: 11:00

MaSa - Winner!

  • Race: Terran Terran
  • League: Master
  • Spawn Location: 5:00

Event: DreamHack SC2 Masters 2020 Winter

VOD

Have the link to the VOD?

Description

Time

  • Played on: Oct. 17, 2020, 9:12 p.m.
  • Length: 15:13

All games in this series

Show
View Real Time Build Order
Export as new Build Order

Epic Terran 

Build Orders:  

Get SALT Encoding   

  12  0:00  SCV  
  13  0:12  SCV  
  14  0:17  Supply Depot  
  14  0:24  SCV  
  15  0:29  Refinery  
  15  0:38  SCV  
  16  0:43  Barracks  
  16  0:50  SCV  
  16  0:53  Refinery  
  17  1:03  SCV  
  18  1:15  SCV  
  19  1:30  Reaper, Orbital Command  
  20  1:33  Factory  
  20  1:43  Supply Depot  
  20  1:55  SCV  
  21  2:02  Reaper  
  21  2:07  SCV  
  23  2:17  Hellion  
  23  2:19  SCV  
  26  2:26  Command Center  
  26  2:31  SCV  
  26  2:35  Barracks Reactor  
  27  2:41  Hellion  
  29  2:44  SCV  
  30  2:51  Supply Depot  
  30  2:57  SCV  
  30  3:03  Starport  
  30  3:06  Factory Tech Lab  
  30  3:09  SCV  
  29  3:21  SCV  
  29  3:24  Marine x2  
  29  3:25  Cyclone  
  35  3:33  SCV  
  36  3:42  Medivac, Marine  
  36  3:47  SCV  
  36  3:48  Marine  
  33  3:58  Siege Tank  
  33  4:01  SCV  
  33  4:02  Marine  
  38  4:15  Medivac  
  38  4:17  SCV  
  38  4:22  Command Center  
  39  4:30  Supply Depot  
  39  4:51  SCV, Marine x2, Siege Tank  
  45  5:02  Medivac  
  47  5:10  Supply Depot  
  47  5:11  SCV, Marine x2  
  50  5:23  SCV  
  50  5:24  Siege Tank  
  54  5:30  Marine  
  54  5:31  Marine  
  54  5:33  Supply Depot  
  56  5:35  Orbital Command  
  56  5:36  SCV  
  54  5:50  Marine x2  
  54  5:55  SCV  
  56  5:57  Siege Tank  
  59  6:05  SCV  
  59  6:08  SCV  
  61  6:11  Starport Tech Lab  
  61  6:15  Barracks  
  61  6:18  SCV  
  61  6:20  SCV, Barracks Tech Lab  
  62  6:29  Siege Tank  
  62  6:30  SCV  
  62  6:32  SCV  
  62  6:42  Marine  
  62  6:43  SCV  
  62  6:44  SCV  
  62  6:46  Stimpack  
  65  6:48  Barracks  
  65  6:55  SCV  
  65  6:56  SCV  
  65  7:00  Marine  
  67  7:01  Siege Tank  
  67  7:04  Refinery  
  67  7:08  SCV x2  
  72  7:09  Supply Depot  
  72  7:11  Marine  
  72  7:13  Starport Reactor  
  73  7:17  Engineering Bay  
  73  7:18  Marine  
  73  7:20  SCV x2  
  76  7:27  Refinery  
  76  7:32  SCV x2, Supply Depot  
  76  7:35  Siege Tank  
  81  7:37  Marine x2  
  81  7:38  Marine  
  81  7:42  Barracks Reactor  
  84  7:46  SCV x2  
  84  7:50  Terran Infantry Weapons Level 1  
  86  8:04  Marauder  
  83  8:06  Marine x2  
  83  8:07  Medivac  
  84  8:15  SCV x2  
  84  8:18  Marine x2  
  88  8:24  Marine x2, Barracks  
  88  8:26  Combat Shield  
  88  8:31  Command Center, Marine  
  89  8:34  SCV x2  
  76  8:44  Marine  
  76  8:45  Marine x3  
  76  8:47  Viking  
  77  8:49  Marine  
  77  8:51  SCV x2  
  77  8:55  Siege Tank  
  82  9:04  SCV x2  
  82  9:06  Marine x4  
  88  9:11  Barracks Reactor  
  88  9:13  Supply Depot  
  88  9:14  Medivac  
  90  9:17  Medivac  
  90  9:21  SCV x2  
  94  9:25  Marine  
  94  9:26  Marine  
  94  9:27  Supply Depot  
  84  9:32  Marine x3  
  76  9:39  Siege Tank  
  76  9:41  SCV x2  
  81  9:47  Orbital Command  
  81  9:48  Marine  
  81  9:49  Marine  
  83  9:57  Medivac x2  
  83  9:58  SCV x2  
  89  10:01  Terran Infantry Armor Level 1  
  89  10:05  Marine x3  
  92  10:07  Marine x3  
  92  10:10  Marine  
  99  10:14  Siege Tank  
  99  10:22  Marine  
  99  10:23  Marine x2  
  99  10:25  Marine x3  
  99  10:27  Medivac x2  
  109  10:35  SCV x3  
  105  10:45  Marine x4  
  105  10:46  Marine x2  
  110  10:50  Siege Tank  
  110  10:53  SCV x3  
  107  11:04  Marine x4  
  107  11:08  Medivac  
  107  11:09  SCV x3  
  110  11:12  Armory  
  110  11:14  Engineering Bay  
  110  11:15  Refinery  
  110  11:16  Command Center, Refinery  
  109  11:21  SCV x2  
  109  11:22  Marine x5  
  109  11:25  Marine x2  
  117  11:28  SCV  
  117  11:31  Siege Tank  
  122  11:34  SCV x2  
  122  11:35  Barracks  
  122  11:37  Supply Depot  
  122  11:38  Medivac  
  126  11:40  SCV, Marine x2  
  126  11:46  Marine x4  
  133  11:56  Factory  
  133  11:57  Supply Depot x2  
  133  11:58  Marine x3  
  135  12:08  SCV x3  
  136  12:13  Marine x4  
  140  12:16  Marine  
  140  12:17  Marine  
  140  12:18  Medivac, Marine  
  140  12:21  SCV x2  
  134  12:34  Marine x2  
  131  12:38  SCV x2  
  132  12:48  Factory Tech Lab  
  132  12:49  Supply Depot  
  132  12:50  Supply Depot  
  132  12:51  Marine x6  
  132  12:52  Marine  
  132  12:53  Starport Reactor  
  132  12:54  Orbital Command  
  132  12:58  Siege Tank  
  126  13:07  SCV x2  
  122  13:13  Marine x6  
  122  13:18  Marine  
  116  13:24  Planetary Fortress  
  116  13:28  SCV x2  
  116  13:29  SCV  
  116  13:30  Marine  
  116  13:31  Marine x5  
  116  13:32  Barracks Reactor  
  125  13:36  Marine  
  125  13:38  Siege Tank  
  129  13:46  Siege Tank  
  129  13:47  SCV x3  
  135  13:48  Marine x4  
  135  13:49  Marine x2  
  135  13:54  Supply Depot, Marine  
  142  14:01  SCV  
  142  14:02  SCV x3  
  146  14:04  Supply Depot x2  
  143  14:15  Marine x8  
  113  14:28  Siege Tank x2  
  85  14:33  Marine x6  
  88  14:38  SCV x3, Marine  
  88  14:39  SCV  
  95  14:50  SCV, Marine  
  95  14:51  Marine x3  
Show
View Real Time Build Order
Export as new Build Order

MaSa Terran - Winner!

Build Orders:  

Get SALT Encoding   

  12  0:00  SCV  
  13  0:12  SCV  
  14  0:17  Supply Depot  
  14  0:24  SCV  
  15  0:38  SCV  
  15  0:39  Barracks  
  16  0:43  Refinery  
  16  0:50  SCV  
  17  1:00  Barracks  
  17  1:05  SCV  
  17  1:10  Refinery  
  18  1:17  SCV  
  19  1:27  Reaper  
  20  1:33  Orbital Command  
  20  1:47  Supply Depot  
  20  1:48  Reaper  
  21  1:59  Reaper  
  21  2:01  SCV  
  23  2:15  Factory  
  23  2:16  SCV  
  24  2:23  Reaper  
  24  2:28  SCV  
  26  2:30  Supply Depot  
  26  2:35  Reaper  
  26  2:40  SCV  
  27  2:52  SCV  
  27  2:55  Reaper  
  29  3:07  Reaper  
  29  3:08  Hellion  
  29  3:09  SCV  
  33  3:25  SCV  
  33  3:26  Command Center  
  34  3:30  Marine  
  34  3:31  Hellion  
  37  3:37  SCV  
  38  3:44  Starport  
  38  3:53  SCV  
  36  4:04  Marine x2  
  36  4:05  Factory Tech Lab  
  36  4:08  SCV  
  35  4:20  SCV  
  35  4:21  Viking  
  35  4:22  Marine  
  38  4:25  Refinery  
  38  4:31  Cyclone  
  38  4:32  SCV  
  42  4:42  Barracks Reactor  
  42  4:44  SCV  
  44  4:47  Orbital Command  
  44  4:50  Supply Depot  
  42  4:56  SCV  
  43  5:04  Siege Tank  
  46  5:08  SCV, Starport Tech Lab  
  47  5:17  SCV  
  47  5:19  Marine x2  
  50  5:28  Raven  
  48  5:29  SCV  
  49  5:36  Siege Tank  
  49  5:38  SCV  
  53  5:49  Marine, Barracks Tech Lab  
  54  5:51  SCV, Command Center  
  54  5:55  SCV  
  56  6:03  SCV  
  57  6:04  Marine  
  57  6:09  Siege Tank  
  57  6:10  Marine  
  62  6:16  Stimpack  
  57  6:29  Marine x2  
  57  6:30  SCV  
  57  6:32  SCV  
  54  6:42  SCV  
  54  6:44  SCV  
  50  6:48  Marine x3  
  48  6:54  SCV  
  48  6:57  SCV  
  52  7:09  SCV x2  
  52  7:11  Orbital Command  
  55  7:18  Siege Tank  
  55  7:21  SCV  
  57  7:22  SCV  
  57  7:24  Barracks  
  57  7:26  Barracks Reactor  
  57  7:28  Refinery  
  57  7:30  Refinery  
  57  7:31  Viking  
  57  7:33  SCV  
  57  7:34  Viking, SCV  
  63  7:37  Marine  
  63  7:39  SCV  
  65  7:45  SCV, Supply Depot x2  
  65  7:48  SCV  
  67  7:51  SCV  
  67  7:53  Siege Tank  
  67  7:55  Marine  
  67  7:58  SCV, Engineering Bay  
  73  8:01  Engineering Bay  
  73  8:03  Viking  
  73  8:07  SCV  
  73  8:09  Liberator  
  75  8:14  SCV  
  75  8:15  Marine x2  
  75  8:16  Orbital Command  
  75  8:18  Barracks Reactor  
  76  8:21  SCV  
  76  8:22  Marine  
  76  8:25  Siege Tank  
  76  8:26  Combat Shield  
  76  8:27  SCV  
  82  8:33  SCV, Supply Depot, Marine x2  
  85  8:34  Supply Depot  
  85  8:39  SCV  
  85  8:40  Marine  
  84  8:45  SCV x2  
  81  8:49  Terran Infantry Weapons Level 1  
  81  8:51  SCV, Marine  
  81  8:52  Marine  
  84  8:57  SCV x2  
  84  9:01  Refinery  
  86  9:03  SCV  
  86  9:07  Sensor Tower  
  86  9:08  Marine x3  
  86  9:09  SCV x2  
  92  9:13  Medivac  
  92  9:14  Marine x2  
  92  9:15  SCV  
  97  9:21  SCV  
  97  9:22  Supply Depot  
  97  9:23  Terran Infantry Armor Level 1  
  98  9:25  SCV  
  98  9:26  Refinery  
  98  9:30  SCV  
  99  9:32  Marine  
  99  9:33  Marine x3  
  99  9:34  Siege Tank  
  101  9:44  SCV x2  
  103  9:47  SCV, Sensor Tower  
  103  9:48  Barracks  
  103  9:49  Marine, Barracks  
  103  9:50  Supply Depot  
  105  9:56  SCV x2, Medivac  
  105  9:59  Refinery  
  109  10:00  Supply Depot  
  109  10:06  Supply Depot  
  109  10:07  Supply Depot  
  109  10:11  SCV x3  
  109  10:12  Supply Depot x2  
  115  10:14  Siege Tank  
  115  10:16  Marine  
  115  10:17  Marine  
  117  10:22  Armory  
  117  10:23  SCV  
  117  10:24  Marine  
  117  10:26  Marine x2  
  121  10:29  Medivac  
  121  10:32  Medivac  
  121  10:34  Marine  
  126  10:36  SCV  
  126  10:37  SCV  
  126  10:40  Marine  
  126  10:42  Marine  
  132  10:44  Marine x2  
  132  10:45  Barracks Reactor  
  132  10:46  Barracks Reactor  
  132  11:02  SCV x3, Marine  
  132  11:03  Marine x3  
  132  11:04  Medivac x2, Marine  
  131  11:12  Terran Vehicle Weapons Level 1  
  131  11:14  SCV x3  
  131  11:15  Siege Tank  
  133  11:20  Marine x2  
  133  11:21  Marine  
  133  11:23  Marine  
  133  11:24  Marine x4  
  141  11:34  Marine  
  141  11:38  Marine x2, Factory  
  148  11:40  Medivac x2  
  148  11:41  Marine x3  
  148  11:44  Terran Infantry Armor Level 2, Terran Infantry Weapons Level 2  
  151  11:49  Marine x3  
  151  11:52  Marine  
  155  11:56  Marine x2  
  157  12:10  Supply Depot  
  157  12:11  Supply Depot  
  157  12:13  Supply Depot  
  157  12:15  Supply Depot  
  157  12:21  SCV, Marine x2  
  157  12:27  SCV  
  157  12:29  Marine x5  
  157  12:30  Marine x2  
  157  12:32  Siege Tank x2  
  153  12:38  Marine x2  
  153  12:41  Liberator x2  
  152  12:48  SCV  
  152  12:49  Marine  
  152  12:50  SCV  
  149  12:53  SCV, Marine x2  
  149  12:54  Marine x3  
  144  13:00  SCV  
  144  13:04  Siege Tank  
  132  13:07  Command Center, Marine x4  
  132  13:10  Marine x2  
  132  13:12  Marine  
  137  13:20  Marine x2  
  137  13:23  SCV x2  
  137  13:24  Supply Depot x2  
  141  13:42  Missile Turret, Refinery  
  141  13:43  Supply Depot, Missile Turret  
  141  13:45  Viking x2, SCV, Marine x3  
  141  13:46  Sensor Tower, Siege Tank  
  152  13:51  Marine x2, Siege Tank  
  157  14:04  Marine x6  
  157  14:09  Marine  
  164  14:10  Marine  
  164  14:12  Marine  
  157  14:19  Siege Tank  
  157  14:22  Marine x3  
  137  14:33  SCV x2  
  139  14:45  Orbital Command  
Tags
 
Add a new tag
Caveats
  • Supply blocks, unpowered buildings, or Contaminate may cause inaccurate times.
  • Supply counts are checked every 10 seconds.